 Dungeon Crawl Stone Soup version 0.28.0-53-g5a82cb258f (webtiles) character file.

Game seed: 8146045050584242217

424 MisterFreud the Conjurer (level 6, 0/36 HPs)
             Began as an Octopode Conjurer on June 9, 2022.
             Slain by Eustachio
             ... wielding a +1 rapier of electrocution
              (11 damage)
             ... on level 4 of the Dungeon.
             The game lasted 00:08:11 (4904 turns).

MisterFreud the Conjurer (Octopode Conjurer)        Turns: 4904, Time: 00:08:12

Health: 0/36       AC:  9    Str:  6    XL:     6   Next: 96%
Magic:  9/11       EV: 13    Int: 28    God:
Gold:   152        SH:  0    Dex: 11    Spells: 8/11 levels left

rFire   . . .      SeeInvis .   o - +1 falchion (protect)
rCold   . . .      Faith    .   (no shield)
rNeg    . . .      Spirit   .   j - +1 hat
rPois   .          Reflect  .   (no amulet)
rElec   .          Harm     .   g - +6 ring of intelligence
rCorr   .          Rampage  .   (no ring)
Will    .....                   (no ring)
Stlth   ++++......              (no ring)
HPRegen 0.12/turn               (no ring)
MPRegen 0.12/turn               (no ring)
                                (no ring)
                                (no ring)

@: under a protective aura
A: almost no armour, amphibious, 8 rings, camouflage 1, gelatinous body 1,
(nimble swimmer 1), tentacles
a: no special abilities


You were on level 4 of the Dungeon.
You visited 1 branch of the dungeon, and saw 5 of its levels.

You collected 152 gold pieces.

Inventory:

Hand Weapons
 o - a +1 falchion of protection (weapon)
Missiles
 c - 6 poisoned darts
 n - 3 boomerangs
Armour
 j - a +1 hat (worn)
Jewellery
 g - a +6 ring of intelligence (left tentacle)
Scrolls
 d - a scroll of fear
 e - a scroll of enchant armour
 i - 2 scrolls of teleportation
Potions
 a - a potion of might
 b - a potion of attraction
 f - a potion of lignification
 k - a potion of invisibility
 l - 2 potions of haste
 m - a potion of heal wounds {unknown}


   Skills:
 + Level 3.6 Dodging
 - Level 5.0 Stealth
 + Level 3.4 Spellcasting
 - Level 6.0 Conjurations


You had 8 spell levels left.
You knew the following spells:

 Your Spells              Type           Power      Damage    Failure   Level
a - Magic Dart            Conj           100%       1d8       1%          1
b - Searing Ray           Conj           76%        2d7       1%          2

Your spell library contained the following spells:

 Spells                   Type           Power      Damage    Failure   Level
 Dazzling Flash           Conj/Hex       42%        N/A       7%          3
 Iskenderun's Battlesphe  Conj           38%        2d9       19%         5
 Fulminant Prism          Conj/Hex       10%        3d9       22%         4
 Iskenderun's Mystic Bla  Conj/Tloc      21%        2d6       22%         4
 Gell's Gravitas          Tloc           4%         N/A       24%         3
 Lesser Beckoning         Tloc           4%         N/A       24%         3
 Teleport Other           Tloc           4%         N/A       24%         3
 Fireball                 Conj/Fire      10%        3d6       54%         5
 Conjure Ball Lightning   Conj/Air       10%        3x3d6     98%         6
 Orb of Destruction       Conj           19%        9d8       99%         7


Dungeon Overview and Level Annotations

Branches:
Dungeon (5/15)
 Temple: D:4-7

Altars:
Wu Jian

Shops:
D:1 =:(   D:2 =   D:4 :

Annotations:
D:4 Eustachio


Innate Abilities, Weirdness & Mutations

You cannot wear most types of armour.
You are amphibious.
You can wear up to eight rings at the same time.
Your skin changes colour to match your surroundings (Stealth+).
Your rubbery body absorbs attacks. (AC +1, EV +1)
((You are camouflaged when in or above water. (Stealth+)))
You have tentacles for arms and can constrict up to eight enemies at once.


Message History

b - a potion of attraction
As you read the scroll of identify, it crumbles to dust.
l - 2 potions of haste
As you read the scroll of identify, it crumbles to dust.
k - a potion of invisibility
As you read the scroll labelled VUIXIDE WYINI, it crumbles to dust.
You assume a fearsome visage.
Nothing appears to happen.
It was a scroll of fear.
As you read the scroll labelled NEALAIG UKYSH, it crumbles to dust.
Your body is wracked with pain!
It was a scroll of torment.
HP restored.
Things that are here:
a +0 club; a goblin corpse
Found a leather armour.
You see here a +0 leather armour.
Eustachio and an ogre come into view.
Eustachio is wielding a +1 rapier of electrocution.
The helpless Eustachio fails to defend himself.
You hit Eustachio.
Your weapon exudes an aura of protection.
Your grab misses Eustachio.
Eustachio is lightly wounded.
Eustachio hits you with a +1 rapier of electrocution!
You are electrocuted!
Unknown command.
Unknown command.
Casting: Magic Dart (safe; 1% risk of failure)
Confirm with . or Enter, or press ? or * to list all spells.
Aiming: Searing Ray (safe; 1% risk of failure)
Press: ? - help, Shift-Dir - straight line, f - Eustachio
Aim: Eustachio, wielding a +1 rapier of electrocution and wearing a +0 leather armour (lightly wounded, 73% to hit)
The searing ray hits Eustachio!
Eustachio is moderately wounded.
The searing ray hits the ogre.
The ogre is moderately wounded.
The ogre shouts! (Press . to maintain the ray.) Eustachio hits you with a +1 rapier of electrocution.
You are electrocuted!
You die...

# # ########
........
#######. #
############
#
...O..@@...#
#
##########.#
# #.# # #.#
######## #.#
.......# #[#
######.# #.#
# #.# #.#
#.# #.#


You could see Eustachio and an ogre.

Vanquished Creatures
  A necrophage (D:4)
  An ogre (D:4)
  3 hounds
  2 gnolls (D:3)
  A howler monkey skeleton (D:4)
  2 adders
  An adder skeleton (D:4)
  2 worms
  4 dart slugs
  9 orcs
  4 bats
  9 endoplasms
  2 giant cockroaches (D:2)
  7 hobgoblins
  14 jackals
  4 quokkas
  4 ball pythons
  2 frilled lizards (D:1)
  6 goblins
  3 kobolds
  6 rats
87 creatures vanquished.

Vanquished Creatures (others)
  A fungus (D:3)
  2 plants (D:3)
3 creatures vanquished.

Grand Total: 90 creatures vanquished

Notes
Turn   | Place    | Note
-------+----------+-------------------------------------------
     0 | D:1      | MisterFreud the Octopode Conjurer began the quest for the
                  | Orb.
     0 | D:1      | Reached XP level 1. HP: 11/11 MP: 3/3
   221 | D:1      | Found Lyogaemy's Jewellery Emporium.
   282 | D:1      | Reached XP level 2. HP: 17/17 MP: 3/5
   484 | D:1      | Found Teocedas's Weapon Boutique.
   516 | D:1      | Learned a level 2 spell: Searing Ray
   735 | D:1      | Reached XP level 3. HP: 21/21 MP: 4/6
   782 | D:1      | Found Purr's Book Shoppe.
  1407 | D:2      | Reached skill level 5 in Conjurations
  1460 | D:2      | Found Jalec's Jewellery Shop.
  2286 | D:3      | Found an ornate altar of the Wu Jian Council.
  2340 | D:3      | Identified a scroll of acquirement
  2340 | D:3      | Acquired a book of the Spheres
  2344 | D:3      | Noticed a phantom
  2435 | D:5      | Entered Level 5 of the Dungeon
  2914 | D:3      | Reached XP level 4. HP: 27/27 MP: 4/7
  3384 | D:3      | Reached skill level 6 in Conjurations
  3384 | D:3      | Reached XP level 5. HP: 18/31 MP: 4/8
  3693 | D:3      | Noticed an ogre
  3856 | D:4      | Noticed an ogre
  3866 | D:4      | Killed an ogre
  3867 | D:4      | Reached XP level 6. HP: 36/36 MP: 2/10
  4441 | D:4      | Noticed a necrophage
  4448 | D:4      | Killed a necrophage
  4529 | D:4      | Reached skill level 5 in Stealth
  4728 | D:4      | Found Vicittol's Book Emporium.
  4899 | D:4      | Noticed Eustachio
  4904 | D:4      | Slain by Eustachio

Illustrated notes

Levels and vault maps discovered:
D:1:      roderic_chinese_lattice_arrival, layout_basic, serial_shops, shop,
          shop, nicolae_shop_hallway_plus
D:2:      layout_loops_ring, serial_shops, nicolae_shop_trees,
          kennysheep_decorative_pillar
D:3:      lemuel_castle_with_subvaults [lemuel_castle_interior_carwin_2],
          layout_loops_ring, pdpol_wu_jian_five_deadly_venoms,
          mainiacjoe_overflow_brackets, minmay_stone_trees_small,
          minmay_three_crescents
D:4:      layout_loops_ring, serial_shops, shop, uniq_eustachio
D:5:      layout_basic, uniq_menkaure

Skill      XL: |  1  2  3  4  5  6 |
---------------+-------------------+-----
Conjurations   | 5 6 |  6.0
Stealth        | 3 4 5 |  5.0
Dodging        | 3 |  3.6
Spellcasting   | 3 |  3.4

Action                   |  1- 3 |  4- 6 || total
-------------------------+-------+-------++-------
Melee: Unarmed           |    10 |    33 ||    43
       Constrict         |     4 |    10 ||    14
       Tentacles         |     2 |     7 ||     9
       Punch             |       |     2 ||     2
       Falchion          |       |     3 ||     3
 Cast: Magic Dart        |    78 |    92 ||   170
       Searing Ray       |       |     4 ||     4
  Use: Scroll            |     9 |     5 ||    14
 Stab: Sleeping          |     1 |     1 ||     2
Armor: Skin              |     7 |       ||     7
Dodge: Dodged            |    18 |    28 ||    46
